 Dungeon Crawl Stone Soup version 0.28.0-43-g3370ac3207 (webtiles) character file.

Game seed: 11479215229719946988

207 Revguard the Ducker (level 6, -10/45 HPs)
             Began as a Djinni Gladiator on Mar 10, 2022.
             Mangled by Crazy Yiuf
             ... wielding a +4 quarterstaff of chaos
              (16 damage)
             ... on level 3 of the Dungeon.
             The game lasted 00:07:04 (2874 turns).

Revguard the Ducker (Djinni Gladiator)              Turns: 2874, Time: 00:07:04

Health: -10/45     AC:  6    Str: 13    XL:     6   Next: 10%
Gold:   124        EV: 18    Int: 11    God:
                   SH:  0    Dex: 15

rFire   + + .      SeeInvis .   a - +0 quarterstaff
rCold   x . .      Faith    .   (shield currently unavailable)
rNeg    . . .      Spirit   .   g - +2 leather armour {Will+}
rPois   ∞          Reflect  .   c - +0 helmet
rElec   .          Harm     .   (no cloak)
rCorr   .          Rampage  .   (no gloves)
Will    +....                   (boots unavailable)
Stlth   +.........              (no amulet)
HPRegen 0.15/turn               (no ring)
MPRegen 0.00/turn               (no ring)

@: brilliant, agile, flying, very slightly contaminated
A: sickness immunity, fire resistance 2, cold vulnerability 1, float, innate
caster, HP casting, extra vitality 1
a: no special abilities


You were on level 3 of the Dungeon.
You visited 1 branch of the dungeon, and saw 5 of its levels.

You collected 124 gold pieces.

Inventory:

Hand Weapons
 a - a +0 quarterstaff (weapon)
Missiles
 d - 3 throwing nets
Armour
 b - a +0 leather armour
 c - a +0 helmet (worn)
 g - a +2 leather armour of willpower (worn)
 i - an orb of light
Scrolls
 f - 2 scrolls of identify
 j - a scroll of enchant weapon {unknown}
 k - a scroll of noise {unknown}
 l - a scroll of amnesia {unknown}
Potions
 e - a potion of might


   Skills:
 + Level 2.9 Fighting
 + Level 3.3 Staves
 - Level 1.5 Throwing
 + Level 1.9 Armour
 + Level 4.1 Dodging
 * Level 2.2 Spellcasting


You had 6 spell levels left.
You knew the following spells:

 Your Spells              Type           Power      Damage    Failure   Level
a - Beastly Appendage     Tmut           18%        N/A       14%         1
b - Static Discharge      Conj/Air       9%         N/A       22%         2
Your spell library was empty.

Dungeon Overview and Level Annotations

Branches:
Dungeon (5/15)
 Temple: D:4-7

Altars:
Cheibriados

Shops:
D:1 =

Annotations:
D:3 Crazy Yiuf


Innate Abilities, Weirdness & Mutations

You are immune to sickness and miasma.
You are immune to poison.
Your flesh is very heat resistant. (rF++)
You are vulnerable to cold. (rC-)
You float through the air rather than walking.
You learn spells naturally, not from books.
Your magical power is your life essence.
You have superior vitality. (+4 MHP)


Message History

Casting: Static Discharge (safe; 22% risk of failure)
Press: ? - help, Q - select action, (/) - cycle Dir - look around, f - activate You miscast Static Discharge.
Nothing appears to happen.
Crazy Yiuf hits you with a +4 quarterstaff of chaos!
Crazy Yiuf freezes you.
Unknown command.
It was a potion of brilliance.
You feel clever all of a sudden.
Crazy Yiuf hits you with a +4 quarterstaff of chaos.
Okay, then.
Casting: Static Discharge (safe; 22% risk of failure)
Press: ? - help, Q - select action, (/) - cycle Dir - look around, f - activate You feel a surge of power!
Crazy Yiuf is struck by an arc of lightning.
Crazy Yiuf is lightly wounded.
The lightning grounds out.
Crazy Yiuf laughs, "Gum Hive childish!"
Crazy Yiuf barely misses you.
You hit Crazy Yiuf but do no damage.
Crazy Yiuf is lightly wounded.
Crazy Yiuf hits you with a +4 quarterstaff of chaos.
You hit Crazy Yiuf.
Crazy Yiuf is moderately wounded.
Crazy Yiuf closely misses you.
You hit Crazy Yiuf but do no damage.
Crazy Yiuf is moderately wounded.
Crazy Yiuf closely misses you.
You hit Crazy Yiuf.
Crazy Yiuf is heavily wounded.
Crazy Yiuf hits you with a +4 quarterstaff of chaos!
You feel agile all of a sudden.
You barely miss Crazy Yiuf.
Crazy Yiuf is heavily wounded.
Crazy Yiuf barely misses you.
You barely miss Crazy Yiuf.
Crazy Yiuf is heavily wounded.
Crazy Yiuf hits you with a +4 quarterstaff of chaos!
* * * LOW HITPOINT WARNING * * *
You are electrocuted!
You die...

#.# #.# #.#
### ##.#
##.########
#####
##........##
#..)#
.#.........#
#)).#
.#.........#
..)
...######..#
#g# #..#
###..# ♣♣@♣
#..## #....#
♣)♣♣ ....#
#.#..# ♣♣.♣
....###.####
♣.♣♣
..>.'.....#
♣♣.♣♣
....###)..#
♣.PP♣♣ ....#
#...# ♣♣..P♣
....# #...#
##..## ....#
#...####....#


You could see Crazy Yiuf.

Vanquished Creatures
  A scorpion (D:2)
  A bullfrog skeleton (D:5)
  A howler monkey skeleton (D:5)
  4 adders
  An adder skeleton (D:4)
  3 worms (D:2)
  3 dart slugs
  5 endoplasms
  2 giant cockroaches
  2 goblins (D:3)
  6 hobgoblins
  A jackal (D:2)
  3 quokkas
  3 ball pythons
  5 bats
  2 frilled lizards
  5 kobolds
  14 rats
62 creatures vanquished.

Vanquished Creatures (others)
  2 fungi (D:3)
2 creatures vanquished.

Grand Total: 64 creatures vanquished

Notes
Turn   | Place    | Note
-------+----------+-------------------------------------------
     0 | D:1      | Revguard the Djinni Gladiator began the quest for the Orb.
     0 | D:1      | Reached XP level 1. HP: 18/18 MP: 0/0
   159 | D:1      | Reached XP level 2. HP: 20/23 MP: 0/0
   361 | D:1      | Found Neikhad's Jewellery Boutique.
   533 | D:1      | Reached XP level 3. HP: 27/28 MP: 0/0
   533 | D:1      | Learned a level 1 spell: Beastly Appendage
   669 | D:1      | Found a faded altar of an unknown god.
   802 | D:2      | Reached skill level 1 in Spellcasting
  1033 | D:2      | Reached skill level 1 in Armour
  1114 | D:2      | Noticed a scorpion
  1122 | D:2      | Killed a scorpion
  1123 | D:2      | Reached XP level 4. HP: 34/34 MP: 0/0
  1123 | D:2      | Reached XP level 5. HP: 39/39 MP: 0/0
  1123 | D:2      | Learned a level 2 spell: Static Discharge
  1785 | D:3      | You are sucked into a shaft and drop 2 floors!
  1785 | D:5      | Entered Level 5 of the Dungeon
  1940 | D:5      | Reached skill level 4 in Dodging
  1944 | D:4      | Noticed an ogre
  2045 | D:4      | Noticed a black bear
  2309 | D:3      | Reached XP level 6. HP: 44/45 MP: 0/0
  2403 | D:3      | Found a snail-covered altar of Cheibriados.
  2860 | D:3      | Found a runed translucent door.
  2861 | D:3      | Noticed Crazy Yiuf
  2874 | D:3      | Mangled by Crazy Yiuf

Illustrated notes

Levels and vault maps discovered:
D:1:      minmay_arrival_five_plusses, layout_basic, serial_shops, shop,
          ebering_ecumenical_altar_rust, minmay_rat_gold_closets
D:2:      minmay_skewed_foursquare, layout_basic
D:3:      layout_basic, mainiacjoe_overflow_surrounded_room,
          minmay_misc_feat_columns, uniq_crazy_yiuf_cottage
D:4:      layout_loops_ring, minmay_temple_entry_enclosed_plants,
          hangedman_decor_lopped
D:5:      layout_basic, gammafunk_temple_overflow_claw, nrook_loot_triangle,
          uniq_ijyb

Skill      XL: |  1  2  3  4  5 |
---------------+----------------+-----
Spellcasting   | 1 2 |  2.2
Staves         | 3 |  3.3
Armour         | 1 |  1.9
Dodging        | 4 |  4.1
Fighting       | |  2.9
Throwing       | |  1.5

Action                   |  1- 3 |  4- 6 || total
-------------------------+-------+-------++-------
Melee: Quarterstaff      |    82 |   139 ||   221
 Cast: Beastly Appendage |     1 |       ||     1
       Static Discharge  |       |     4 ||     4
  Use: Scroll            |       |     2 ||     2
       Potion            |       |     1 ||     1
 Stab: Sleeping          |     2 |     3 ||     5
Armor: Leather armour    |    23 |    67 ||    90
Dodge: Dodged            |    53 |   147 ||   200
